 Dungeon Crawl Stone Soup version 0.29-a0-334-gb41bcbb86e (webtiles) character file.

Game seed: 2264688863910016075

100 quokkamancerX the Ruffian (level 4, -3/44 HPs)
             Began as a Troll Monk on Apr 15, 2022.
             Slain by an iguana (8 damage)
             ... on level 3 of the Dungeon.
             The game lasted 00:08:31 (1684 turns).

quokkamancerX the Ruffian (Troll Monk)              Turns: 1684, Time: 00:08:32

Health: -3/44      AC:  4    Str: 21    XL:     4   Next: 46%
Magic:  3/3        EV: 10    Int:  6    God:
Gold:   127        SH:  0    Dex: 12    Spells: 3/3 levels left

rFire   . . .      SeeInvis +     - Unarmed
rCold   . . .      Faith    .   (no shield)
rNeg    . . .      Spirit   .   a - +0 robe
rPois   .          Reflect  .   (helmet restricted)
rElec   .          Harm     .   (no cloak)
rCorr   .          Rampage  .   (gloves unavailable)
Will    .....                   (boots unavailable)
Stlth   ++........              (no amulet)
HPRegen 0.94/turn               i - ring of see invisible
MPRegen 0.08/turn               (no ring)

@: no status effects
A: large, unfitting armour, claws 3, regeneration 1, shaggy fur 1, tough skin 1
a: no special abilities


You were on level 3 of the Dungeon.
You visited 1 branch of the dungeon, and saw 3 of its levels.

You collected 127 gold pieces.

Inventory:

Armour
 a - a +0 robe (worn)
Jewellery
 i - a ring of see invisible (left claw)
 k - an amulet of guardian spirit
Wands
 g - a wand of iceblast (8)
 m - a wand of paralysis (10)
 p - a wand of mindburst (14)
Scrolls
 d - a scroll of silence {unknown}
 f - 3 scrolls of amnesia {unknown}
 h - 2 scrolls of fear {unknown}
 o - a scroll of identify {unknown}
Potions
 b - a potion of ambrosia
 c - 2 potions of attraction {unknown}
 e - a potion of cancellation {unknown}
 j - a potion of haste {unknown}
 l - a potion of curing {unknown}
 n - 2 potions of magic {unknown}


   Skills:
 - Level 2.4 Fighting
 - Level 2.4 Dodging
 - Level 1.0 Stealth
 + Level 5.3 Unarmed Combat


You had 3 spell levels left.
You didn't know any spells.
Your spell library was empty.

Dungeon Overview and Level Annotations

Branches:
Dungeon (3/15)

Altars:
Sif Muna

Annotations:
D:2 exclusion: upstairs, Sigmund


Innate Abilities, Weirdness & Mutations

You are too large for most types of armour.
You have claws for hands.
Your natural rate of healing is unusually fast.
You are covered in fur. (AC +1)
You have tough skin. (AC +1)


Message History

You barely miss the orc wizard.
The orc wizard is heavily wounded.
The orc wizard hits you but does no damage.
The orc hits you with a +0 club.
You scratch the orc wizard but do no damage.
The orc wizard is heavily wounded.
The orc wizard hits you with a +0 dagger.
The orc hits you with a +0 club.
The iguana hisses menacingly.
The orc wizard hits you with a +0 dagger.
You bump into the rock wall.
The orc wizard closely misses you. The orc barely misses you.
You feel less confused. The orc wizard closely misses you.
You barely miss the iguana. You claw the orc wizard!
You kill the orc wizard!
The iguana bites you. The orc closely misses you.
You scratch the orc.
You kill the orc!
The iguana bites you! The orc barely misses you.
You barely miss the orc wizard. The iguana bites you!
* * * LOW HITPOINT WARNING * * *
The orc closely misses you. The orc wizard closely misses you.
You claw the orc wizard!
The orc wizard is severely wounded.
The iguana barely misses you. The orc barely misses you.
The orc wizard hits you with a +0 dagger.
* * * LOW HITPOINT WARNING * * *
You closely miss the orc wizard.
The orc wizard is severely wounded.
The iguana bites you.
* * * LOW HITPOINT WARNING * * *
The orc misses you. The orc wizard casts a spell at you.
The magic dart hits you.
* * * LOW HITPOINT WARNING * * *
The iguana closely misses you. The orc barely misses you. The iguana bites you!
You die...

#.# #... #.# #... #.#
#... ..# #.# #... # #.#
#.# ....... #.#.#
##'###### .......
###.#.######.......#
.......
.......>..'.lo....#
.....##
#####)#.######@.o)...#
.)(....
..............########
#.... #.......##.# #....
#....###############
#....
#....###...........##
###..
##...#_'............# #..
###.# #............# #.#
#.##############.# #.#
#.......####.....######.#


You could see an iguana, an orc wizard (invisible) and an orc.

Vanquished Creatures
  Ijyb (D:3)
  An orc wizard (D:3)
  A worm (D:2)
  2 orcs (D:3)
  3 endoplasms
  3 giant cockroaches
  4 goblins
  7 hobgoblins
  6 kobolds
  2 quokkas
  4 ball pythons
  4 bats
  A frilled lizard (D:2)
  3 rats
42 creatures vanquished.

Notes
Turn   | Place    | Note
-------+----------+-------------------------------------------
     0 | D:1      | quokkamancerX the Troll Monk began the quest for the Orb.
     0 | D:1      | Reached XP level 1. HP: 22/22 MP: 0/0
   129 | D:1      | Found a faded altar of an unknown god.
   130 | D:1      | Noticed a shining eye
   133 | D:1      | Noticed a floating eye
   133 | D:1      | Noticed an eye of devastation
   133 | D:1      | Noticed an eye of devastation
   218 | D:1      | Reached XP level 2. HP: 29/29 MP: 1/1
   809 | D:2      | Reached skill level 4 in Unarmed Combat
   837 | D:2      | Noticed Sigmund
  1079 | D:2      | Reached XP level 3. HP: 32/36 MP: 2/2
  1223 | D:3      | Noticed Ijyb
  1225 | D:3      | Identified the +0 leather armour "Urovvui" {Int+4}
  1237 | D:3      | Killed Ijyb
  1379 | D:3      | Reached XP level 4. HP: 41/44 MP: 3/3
  1418 | D:3      | Reached skill level 5 in Unarmed Combat
  1587 | D:3      | Found a shimmering blue altar of Sif Muna.
  1603 | D:3      | Identified the +3 leather armour "Tuxtakhlodgh" {rCorr
                  | Dex+2}
  1684 | D:3      | Slain by an iguana

Illustrated notes

Levels and vault maps discovered:
D:1:      dpeg_arrival_pond, layout_loops_ring,
          hellmonk_ecumenical_altar_watching_god
D:2:      layout_loops_cross, chequers_hall_statues_wall_a, uniq_sigmund
D:3:      layout_basic, lemuel_blue_sif_altar,
          minmay_fractal_squares_diagonal_5, uniq_grinder, uniq_ijyb,
          uniq_natasha

Skill      XL: |  1  2  3  4 |
---------------+-------------+-----
Unarmed Combat | 4 5 |  5.3
Fighting       | |  2.4
Dodging        | |  2.4
Stealth        | |  1.0

Action                   |  1- 3 |  4- 6 || total
-------------------------+-------+-------++-------
Melee: Unarmed           |    84 |    23 ||   107
       Punch             |     2 |       ||     2
 Stab: Sleeping          |     1 |       ||     1
Armor: Robe              |    22 |     6 ||    28
Dodge: Dodged            |    40 |    17 ||    57

Table legend: (Time is in decaauts)
 A = Elapsed time spent in this place.
 B = Non-inter-level travel time spent in this place.
 C = Inter-level travel time spent in this place.
 D = Time resting spent in this place.
 E = Time spent auto-exploring this place.
 F = Levels seen in this place.
 G = Mean time per level.
                   A        B        C        D        E       F      G
               +--------+--------+--------+--------+--------+-----+--------+
         Total |   1676 |   1598 |     78 |      4 |    772 |   3 |  558.7 |
       Dungeon |   1676 |   1598 |     78 |      4 |    772 |   3 |  558.7 |
               +--------+--------+--------+--------+--------+-----+--------+

Top non-repeatable levels by time:
     D:1: 680 daAuts
     D:2: 538 daAuts
     D:3: 457 daAuts
